AoeStats
← PetroJudas

Arabia

507835186Analyzed
2v2 RM · 14d ago on Sep 19, 2026· 68m 57s· 4 players
Game mode
Random Map
Map size
Medium (4 player)
Population
200
Speed
Normal
Resources
Standard
Victory
Conquest
Starting age
Dark Age
Ending age
Imperial Age
RankedLock teamsTeams togetherTeam positionsShared explorationLock speedFull tech treeHidden civsTurbo modeCheats
Victory
Defeat
🇪🇸 Celts · Spain
969
+18
🇪🇸 Khitans · Spain
961
+18
🇬🇧 Bulgarians · United Kingdom
1024
-18
🇬🇧 Romans · United Kingdom
1000
-18
silvap.javier
7:19 Loom
10:11 Feudal Age
13:16 Horse Collar
13:50 Fletching
18:58 Gold Mining
22:26 Castle Age
21:32 Scale Mail Armor
22:48 Stone Mining
23:31 Forging
23:38 Chain Mail Armor
24:13 Heavy Plow
24:55 Wheelbarrow
25:20 Bodkin Arrow
24:51 Pikeman
31:11 Double-Bit Axe
33:14 Iron Casting
36:53 Town Watch
40:33 Imperial Age
38:36 Bow Saw
41:44 Conscription
42:26 Hand Cart
43:22 Plate Mail Armor
43:53 Blast Furnace
43:50 Elite Woad Raider
44:50 Town Patrol
51:44 Furor Celtica
51:25 Stronghold
59:35 Chemistry
58:55 Ballistics
58:32 Murder Holes
58:48 Masonry
58:18 Treadmill Crane
58:29 Heated Shot
60:43 Spies/Treason
PetroJudas
6:45 Loom
7:03 Loom
9:54 Feudal Age
10:46 Double-Bit Axe
10:55 Domestication
17:52 Wheelbarrow
21:16 Castle Age
20:08 Gold Mining
20:31 Town Watch
20:55 Stone Mining
24:09 Stone Shaft Mining
23:46 Scale Barding Armor
23:45 Husbandry
24:20 Forging
24:25 Bow Saw
25:14 Hand Cart
26:02 Iron Casting
28:38 Chain Barding Armor
28:49 Pikeman
31:41 Pastoralism
39:48 Imperial Age
39:56 Fletching
40:50 Bodkin Arrow
40:43 Heavy Camel Rider
40:49 Elite Steppe Lancer
42:06 Plate Barding Armor
42:17 Conscription
43:20 Ordo Cavalry
49:25 Light Cavalry
50:56 Caravan
51:27 Coinage
51:08 Guilds
52:01 Hussar
54:42 Transhumance
55:15 Town Patrol
67:13 Spies/Treason
68:10 Lamellar Armor
67:28 Elite Liao Dao
Poonhound485
11:15 Feudal Age
11:54 Loom
13:44 Double-Bit Axe
22:45 Castle Age
23:34 Horse Collar
25:33 Gold Mining
25:45 Heavy Plow
26:55 Scale Mail Armor
27:07 Forging
30:41 Wheelbarrow
31:24 Chain Mail Armor
31:37 Squires
36:21 Imperial Age
36:02 Fletching
37:35 Plate Mail Armor
38:18 Iron Casting
38:22 Bloodlines
39:18 Bodkin Arrow
42:51 Hand Cart
43:52 Blast Furnace
43:12 Scale Barding Armor
43:09 Husbandry
45:00 Chain Barding Armor
46:04 Arson
49:42 Stone Mining
50:02 Bracer
52:23 Pikeman
53:15 Halberdier
King Michael the Fairly Average
6:19 Loom
7:27 Loom
9:48 Feudal Age
10:38 Double-Bit Axe
11:30 Man-at-Arms
13:14 Scale Mail Armor
16:33 Horse Collar
21:59 Castle Age
23:28 Husbandry
23:32 Heavy Plow
24:00 Bow Saw
24:18 Bloodlines
24:53 Wheelbarrow
24:40 Scale Barding Armor
26:06 Forging
26:51 Hand Cart
28:14 Chain Barding Armor
31:17 Gold Mining
31:21 Stone Mining
31:27 Town Watch
33:25 Gold Shaft Mining
32:54 Town Patrol
34:48 Iron Casting
38:34 Squires
38:03 Pikeman
Connection lost

Rejoining the realm…

Still unreachable

The connection could not be restored.

Session expired

The server has moved on; the page needs a fresh start.